 Dungeon Sprint DCSS version 0.28-a0-1435-g82390b3a13 (webtiles) character file.

Game seed: 2951672188724496917

16051 mhtbhm the Executioner (level 12, -7/204 HPs)
             Began as a Minotaur Berserker on Jan 9, 2022.
             Was the Champion of Trog.
             Killed from afar by a crystal guardian (30 damage)
             ... with a crystal bolt
             ... in the Dungeon (Sprint III: "The Ten Rune Challenge").
             The game lasted 00:09:09 (5108 turns).

mhtbhm the Executioner (Minotaur Berserker)         Turns: 5108, Time: 00:09:10

Health: -7/204     AC: 15    Str: 32    XL:     12   Next: 6%
Magic:  4/11       EV: 16    Int:  2    God:    Trog [******]
Gold:   482        SH:  0    Dex: 13    Spells: 11/11 levels left

rFire   . . .      SeeInvis .   a - +2 battleaxe "Jefamam" {vorpal, Dex+4}
rCold   . . .      Faith    .   (shield currently unavailable)
rNeg    + . .      Spirit   .   b - +2 scale mail "Xyjur" {Harm rN+ Str+6 Int-2}
rPois   .          Reflect  .   (helmet restricted)
rElec   .          Harm     +   k - +2 cloak {Will+}
rCorr   .          Rampage  .   u - +2 pair of gloves {infuse}
Will    +....      NoTele   +   (no boots)
Stlth   ..........              (no amulet)
HPRegen 0.44/turn               (no ring)
MPRegen 0.12/turn               (no ring)

@: berserking, very quick
A: horns 2, retaliatory headbutt, deformed body, weak 1
a: Renounce Religion, Berserk, Trog's Hand, Brothers in Arms


You were in the Dungeon.
You worshipped Trog.
Trog was exalted by your worship.
You visited 1 branch You collected 2222 gold pieces.
You spent 1740 gold pieces at shops.

Inventory:

Hand Weapons
 a - the +2 battleaxe "Jefamam" (weapon) {vorpal, Dex+4}
   (Trog gifted it to you in the Dungeon)

   It inflicts extra damage upon your enemies.
   Dex:       It affects your dexterity (+4).
Missiles
 j - 7 curare-tipped darts
 r - 5 javelins (quivered)
Armour
 b - the +2 scale mail "Xyjur" (worn) {Harm rN+ Str+6 Int-2}
   (You bought it in a shop in the Dungeon)

   Str:       It affects your strength (+6).
   Int:       It affects your intelligence (-2).
   rN:        It protects you from negative energy.
   Harm:      It increases damage dealt and taken.
 k - a +2 cloak of willpower (worn)
 u - a +2 pair of gloves of infusion (worn)
Wands
 q - a wand of polymorph (1)
 v - a wand of digging (1)
 w - a wand of charming (8)
Scrolls
 h - 2 scrolls of blinking
 m - 2 scrolls of holy word
 s - a scroll of fog
Potions
 c - a potion of curing
 d - 4 potions of heal wounds
 e - 2 potions of haste
 f - 2 potions of magic
 g - a potion of berserk rage
 i - a potion of cancellation
 n - a potion of experience
 o - a potion of lignification
 p - 2 potions of flight
 t - a potion of invisibility
Miscellaneous
 l - a phantom mirror


   Skills:
 + Level 21.2 Fighting
 + Level 23.3 Axes
 + Level 12.3 Armour
 + Level 12.6 Dodging
 + Level 3.6 Stealth


You had 11 spell levels left.
You didn't know any spells.
Your spell library was empty.

Dungeon Overview and Level Annotations

Branches:
Dungeon (1/1)

Altars:
Cheibriados
Dithmenos
Elyvilon
Fedhas
Gozag
Hepliaklqana
Kikubaaqudgha
Makhleb
Nemelex Xobeh
Okawaru
Qazlal
Ru
Sif Muna
Trog
Uskayaw
Vehumet
Wu Jian
Xom
Yredelemnul
Zin
The Shining One
Beogh
Jiyva
Lugonu

Shops:
D *!?=**!?:*[(


Innate Abilities, Weirdness & Mutations

You have a pair of horns on your head.
You reflexively headbutt those who attack you in melee.
Armour fits poorly on your strangely shaped body.
You are weak. (Str -2)


Message History

a +0 dagger; a +2 executioner's axe
There is an open door here. 4 crystal guardians come into view.
The crystal guardian fires a crystalline bolt at you.
The crystal bolt freezes you!!
The crystal guardian glitters, brittle, in the dim dungeon light.
The crystal guardian fires a crystalline bolt at you.
The crystal bolt misses you.
A red film seems to cover your vision as you go berserk!
You feel yourself moving faster!
You feel mighty!
The crystal guardian closely misses you.
You slash the crystal guardian!
The crystal guardian is moderately damaged.
The crystal guardian glitters, brittle, in the dim dungeon light.
The crystal guardian fires a crystalline bolt at you.
The crystal bolt misses you.
The crystal guardian fires a crystalline bolt at you.
The crystal bolt burns you!
The crystal guardian fires a crystalline bolt at you.
The crystal bolt burns the crystal guardian.
The crystal guardian completely resists.
The crystal bolt burns you!! The crystal guardian hits you!
The crystal guardian fires a crystalline bolt at you.
The crystal bolt misses you. The crystal bolt freezes you!!
The crystal bolt freezes the crystal guardian.
The crystal guardian completely resists.
The crystal guardian hits you but does no damage.
You hit the crystal guardian but do no damage. x3
Unknown command.
You hit the crystal guardian.
The crystal guardian is lightly damaged.
You hit the crystal guardian. You slash the crystal guardian!
The crystal guardian fires a crystalline bolt at you.
The crystal bolt burns you!
* * * LOW HITPOINT WARNING * * *
The crystal guardian fires a crystalline bolt at you.
The crystal bolt freezes you!!
* * * LOW HITPOINT WARNING * * *
The crystal bolt freezes you!!
You die...

#.#)).###.#.∩⌠⌠..#.#.#.#
#.#)###...#.∩∩∩∩.#.....#
#.#'#§.§§§#.∩∩∩∩.#..)))#
#.#§§.§§..#......#.#.#.)
#.#§§§§§§§###''###..#..#
#.§§§§§§.§#.⌠..⌠.#)....#
#########.#......#######
#.#.#.#9#........#
#....99@.........#
#.....9..........#
###+##############


You could see 4 crystal guardians.

Vanquished Creatures
  Dowan (D)
  A fire dragon (D)
  Erica (D)
  2 centaur warriors (D)
  Urug (D)
  4 dancing weapons (D)
  A deep elf knight (D)
  An orange crystal statue (D)
  3 deep elf zephyrmancers (D)
  A deep elf pyromancer (D)
  2 ugly things (D)
  A lindwurm (D)
  An orc sorcerer (D)
  Duvessa (D)
  A rime drake (D)
  2 cane toads (D)
  An unseen horror (D)
  A komodo dragon (D)
  4 spriggan defenders (D)
  2 tyrant leeches (D)
  2 orc high priests (D)
  A shadow (D)
  3 redbacks (D)
  3 wandering mushrooms (D)
  A spatial vortex (D)
  A swamp drake (D)
  An orc warrior (D)
  A necrophage (D)
  2 centaurs (D)
  An earth elemental (D)
  A water elemental (D)
  A jelly (D)
  3 orc priests (D)
  Crazy Yiuf (D)
  A wizard (D)
  Jessica (D)
  An orc wizard (D)
  A necromancer (D)
  A kobold demonologist (D)
  3 humans (D)
  14 orcs (D)
  2 endoplasms (D)
  A rat (D)
  2 plants (D)
81 creatures vanquished.

Vanquished Creatures (others)
  A deep elf knight (D)
  11 plants (D)
12 creatures vanquished.

Grand Total: 93 creatures vanquished

Notes
Turn   | Place    | Note
-------+----------+-------------------------------------------
     0 | D        | mhtbhm the Minotaur Berserker began the quest for the Orb.
     0 | D        | Reached XP level 1. HP: 19/19 MP: 0/0
     5 | D        | Reached skill level 4 in Axes
    53 | D        | Noticed Jessica
    58 | D        | Killed Jessica
    58 | D        | Reached ** piety under Trog
    59 | D        | Reached skill level 5 in Fighting
    59 | D        | Reached skill level 5 in Axes
    59 | D        | Reached XP level 2. HP: 12/30 MP: 1/1
    59 | D        | Reached XP level 3. HP: 15/37 MP: 2/2
   278 | D        | Noticed Crazy Yiuf
   284 | D        | Killed Crazy Yiuf
   285 | D        | Reached skill level 6 in Axes
   292 | D        | Reached skill level 7 in Axes
   292 | D        | Reached XP level 4. HP: 38/45 MP: 3/3
   322 | D        | Gained mutation: Your spells are a little easier to cast,
                  | but a little less powerful. [potion of mutation]
   322 | D        | Gained mutation: Armour fits poorly on your strangely
                  | shaped body. [potion of mutation]
   322 | D        | Gained mutation: Your natural rate of healing is unusually
                  | fast. [potion of mutation]
   323 | D        | Lost mutation: Your natural rate of healing is unusually
                  | fast. [potion of mutation]
   323 | D        | Lost mutation: Your spells are a little easier to cast, but
                  | a little less powerful. [potion of mutation]
   323 | D        | Gained mutation: You are weak. (Str -2) [potion of
                  | mutation]
   407 | D        | Noticed a water elemental
   411 | D        | Killed a water elemental
   411 | D        | Reached *** piety under Trog
   412 | D        | Reached skill level 8 in Axes
   412 | D        | Reached XP level 5. HP: 53/53 MP: 4/4
   493 | D        | Found a basalt altar of Yredelemnul.
   493 | D        | Found a shadowy altar of Dithmenos.
   493 | D        | Found a sacrificial altar of Ru.
   493 | D        | Noticed a necrophage
   497 | D        | Reached skill level 9 in Axes
   503 | D        | Killed a necrophage
   504 | D        | Reached skill level 10 in Axes
   504 | D        | Reached skill level 5 in Armour
   504 | D        | Reached skill level 5 in Dodging
   579 | D        | Found a radiant altar of Vehumet.
   579 | D        | Found a shimmering blue altar of Sif Muna.
   579 | D        | Found an ancient bone altar of Kikubaaqudgha.
   582 | D        | Reached **** piety under Trog
   583 | D        | Reached XP level 6. HP: 64/64 MP: 5/5
   625 | D        | Found a glowing silver altar of Zin.
   625 | D        | Found a glowing golden altar of the Shining One.
   625 | D        | Found a white marble altar of Elyvilon.
   626 | D        | Noticed a deep elf pyromancer
   630 | D        | Killed a deep elf pyromancer
   631 | D        | Reached skill level 13 in Axes
   631 | D        | Reached XP level 7. HP: 75/75 MP: 6/6
   641 | D        | Found a hide-covered altar of Uskayaw.
   641 | D        | Found an iron altar of Okawaru.
   641 | D        | Found a bloodstained altar of Trog.
   641 | D        | Found an ornate altar of the Wu Jian Council.
   641 | D        | Noticed a human
   658 | D        | Killed a human
   658 | D        | Reached ***** piety under Trog
   675 | D        | Noticed a human
   686 | D        | Killed a human
   687 | D        | Reached skill level 14 in Axes
   723 | D        | Reached XP level 8. HP: 85/85 MP: 7/7
   874 | D        | Found a blossoming altar of Fedhas.
   874 | D        | Found a stormy altar of Qazlal.
   874 | D        | Found a snail-covered altar of Cheibriados.
   874 | D        | Found a burning altar of Makhleb.
   874 | D        | Found a shimmering altar of Xom.
   875 | D        | Found a hazy altar of Hepliaklqana.
   875 | D        | Found an opulent altar of Gozag.
   875 | D        | Found a sparkling altar of Nemelex Xobeh.
   875 | D        | Found a corrupted altar of Lugonu.
   875 | D        | Found a viscous altar of Jiyva.
  1063 | D        | Noticed Erica
  1076 | D        | Killed Erica
  1077 | D        | Reached skill level 15 in Axes
  1177 | D        | Reached skill level 16 in Axes
  1275 | D        | Noticed a centaur warrior
  1278 | D        | Reached XP level 9. HP: 92/96 MP: 8/8
  1286 | D        | Reached ****** piety under Trog
  1289 | D        | Killed a centaur warrior
  1289 | D        | Received a gift from Trog
  1290 | D        | Reached skill level 15 in Fighting
  1290 | D        | Reached skill level 17 in Axes
  1474 | D        | Killed an unseen horror
  1577 | D        | Noticed a wandering mushroom
  1581 | D        | Noticed a wandering mushroom
  1583 | D        | Noticed a wandering mushroom
  1990 | D        | Noticed a cane toad
  1990 | D        | Noticed a komodo dragon
  1990 | D        | Noticed a cane toad
  1992 | D        | Killed a cane toad
  1993 | D        | Reached skill level 10 in Dodging
  1995 | D        | Killed a cane toad
  1997 | D        | Killed a komodo dragon
  1997 | D        | Received a gift from Trog
  1998 | D        | Reached skill level 18 in Axes
  1998 | D        | Reached XP level 10. HP: 108/108 MP: 9/9
  2522 | D        | Noticed a lindwurm
  2530 | D        | Killed a lindwurm
  2531 | D        | Received a gift from Trog
  2532 | D        | Reached skill level 19 in Axes
  2813 | D        | Noticed Urug
  2820 | D        | Killed Urug
  3003 | D        | Found Woal's General Store.
  3017 | D        | Received a gift from Trog
  3019 | D        | Noticed an orc sorcerer
  3025 | D        | Received a gift from Trog
  3027 | D        | Killed an orc sorcerer
  3028 | D        | Reached skill level 10 in Armour
  3134 | D        | Bought a scroll of fog for 24 gold pieces
  3134 | D        | Bought a potion of invisibility for 96 gold pieces
  3134 | D        | Bought a scroll of identify for 24 gold pieces
  3149 | D        | Noticed a deep elf zephyrmancer
  3149 | D        | Noticed a deep elf knight
  3149 | D        | Noticed a deep elf zephyrmancer
  3149 | D        | Noticed a deep elf zephyrmancer
  3149 | D        | Noticed a deep elf knight
  3158 | D        | Noticed a deep elf demonologist
  3159 | D        | Noticed a deep elf annihilator
  3159 | D        | Killed a deep elf knight
  3159 | D        | Received a gift from Trog
  3160 | D        | Reached skill level 20 in Axes
  3160 | D        | Reached skill level 1 in Stealth
  3161 | D        | Killed a deep elf knight
  3163 | D        | Killed a deep elf zephyrmancer
  3164 | D        | Reached XP level 11. HP: 121/121 MP: 10/10
  3165 | D        | Killed a deep elf zephyrmancer
  3168 | D        | Killed a deep elf zephyrmancer
  3293 | D        | Noticed a deep elf death mage
  3346 | D        | Noticed Dowan
  3346 | D        | Noticed Duvessa
  3351 | D        | Killed Dowan
  3352 | D        | Reached skill level 21 in Axes
  3355 | D        | Killed Duvessa
  3355 | D        | Identified the +2 battleaxe "Jefamam" {vorpal, Dex+4} (Trog
                  | gifted it to you in the Dungeon)
  3355 | D        | Received a gift from Trog
  3563 | D        | Noticed a sun demon
  3674 | D        | Noticed an orange crystal statue
  3691 | D        | Killed an orange crystal statue
  3741 | D        | Found Powoesk's Distillery.
  3741 | D        | Found Kutzohu's Book Shop.
  3741 | D        | Found Enesch's Antique Weapon Shoppe.
  3741 | D        | Found Buolocs's General Store.
  3741 | D        | Found Merohej's Magic Scroll Emporium.
  3741 | D        | Found Leovimu's Antique Armour Shop.
  3741 | D        | Found Jus Pinn's General Store.
  3742 | D        | Found Meoseu's Assorted Antiques.
  3742 | D        | Found Hoc Noiw's Jewellery Shoppe.
  3742 | D        | Found Kuuceismasa's Magic Scroll Shop.
  3742 | D        | Found Quxadwer's Distillery.
  3779 | D        | Bought a potion of experience for 600 gold pieces
  3779 | D        | Bought a potion of flight for 36 gold pieces
  3790 | D        | Bought 3 potions of heal wounds for 150 gold pieces
  3790 | D        | Bought a +2 pair of gloves of infusion for 215 gold pieces
  3790 | D        | Bought a wand of digging (1) for 100 gold pieces
  3802 | D        | Bought a polished scale mail for 270 gold pieces
  3802 | D        | Identified the +2 scale mail "Xyjur" {Harm rN+ Str+6 Int-2}
                  | (You bought it in a shop in the Dungeon)
  3802 | D        | Bought a scroll of blinking for 225 gold pieces
  3838 | D        | Reached skill level 22 in Axes
  3842 | D        | Received a gift from Trog
  4132 | D        | Noticed a brown ugly thing
  4134 | D        | Noticed a centaur warrior
  4140 | D        | Killed a brown ugly thing
  4142 | D        | Killed a centaur warrior
  4403 | D        | Noticed a green ugly thing
  4406 | D        | Killed a green ugly thing
  4415 | D        | Noticed a fire dragon
  4422 | D        | Killed a fire dragon
  4697 | D        | Noticed a +5 battleaxe of electrocution
  4697 | D        | Noticed a +3 vampiric trident
  4699 | D        | Noticed a +0 vampiric long sword
  4702 | D        | Killed a +5 battleaxe of electrocution
  4703 | D        | Reached skill level 23 in Axes
  4708 | D        | Killed a +0 vampiric long sword
  4708 | D        | Received a gift from Trog
  4708 | D        | Noticed a +3 halberd of venom
  4712 | D        | Killed a +3 vampiric trident
  4713 | D        | Reached XP level 12. HP: 15/136 MP: 7/11
  4715 | D        | HP: 10/204 [poisoned by a +3 halberd of venom]
  4717 | D        | HP: 4/136 [poisoned by a +3 halberd of venom]
  5108 | D        | Killed from afar by a crystal guardian

Illustrated notes

Levels and vault maps discovered:
D:        dungeon_sprint_mu [sprint_mu_entry_forest, sprint_mu_temple_rooms,
          sprint_mu_d1_horrors, sprint_mu_d2_genie, sprint_mu_d3_branching,
          sprint_mu_orc_legion, sprint_mu_elf_gauntlet, sprint_mu_hive_nellie,
          sprint_mu_lair_fedhas, sprint_mu_vaults_butterflies,
          sprint_mu_slime_circle, sprint_mu_swamp_cave, sprint_mu_snake_twists,
          sprint_mu_blade_basic, sprint_mu_crypt_fortress,
          sprint_mu_tomb_spiral, sprint_mu_vestibule_basic,
          sprint_mu_gehenna_hellfire, sprint_mu_dis_giant,
          sprint_mu_tartarus_statrot, sprint_mu_cocytus_islands, sprint_mu_zot1]

Skill      XL: |  1  2  3  4  5  6  7  8  9 10 11 |
---------------+----------------------------------+-----
Fighting       | 5 6 8 9 11 12 14 16 18 21 | 21.2
Axes           | 5 7 8 10 13 14 16 18 20 23 | 23.3
Armour         | 3 4 5 6 7 9 10 12 | 12.3
Dodging        | 3 4 5 6 7 8 10 11 12 | 12.6
Stealth        | 1 3 |  3.6

Action                   |  1- 3 |  4- 6 |  7- 9 | 10-12 || total
-------------------------+-------+-------+-------+-------++-------
Melee: Hand axe          |    16 |    24 |    89 |       ||   129
       Headbutt          |     1 |     5 |    29 |    26 ||    61
       Punch             |       |     1 |     2 |       ||     3
       Battleaxe         |       |       |    21 |   101 ||   122
       Broad axe         |       |       |       |    15 ||    15
       Executioner's axe |       |       |       |    17 ||    17
Invok: Berserk           |     2 |     1 |     2 |    10 ||    15
  Use: Potion            |       |     2 |     1 |     2 ||     5
       Scroll            |       |       |       |     5 ||     5
Armor: Animal skin       |       |     1 |     1 |       ||     2
       Leather armour    |       |       |    14 |     5 ||    19
       Scale mail        |       |       |       |    21 ||    21
Dodge: Dodged            |     6 |     8 |    54 |    51 ||   119

Table legend: (Time is in decaauts)
 A = Elapsed time spent in this place.
 B = Non-inter-level travel time spent in this place.
 C = Inter-level travel time spent in this place.
 D = Time resting spent in this place.
 E = Time spent auto-exploring this place.
 F = Levels seen in this place.
 G = Mean time per level.
                   A        B        C        D        E       F      G
               +--------+--------+--------+--------+--------+-----+--------+
         Total |   5183 |   5183 |      0 |   3924 |      1 |   1 | 5183.0 |
       Dungeon |   5183 |   5183 |      0 |   3924 |      1 |   1 | 5183.0 |
               +--------+--------+--------+--------+--------+-----+--------+

Top non-repeatable levels by time:
       D: 5183 daAuts
